 Dungeon Crawl Stone Soup version 0.25-a0-661-g55ea3d2 (webtiles) character file.

Game seed: 5317022134147275187, levelgen mode: deterministic

1650 BlueFish the Covert (level 9, -3/57 HPs)
             Began as an Octopode Assassin on Mar 23, 2020.
             Was an Initiate of Dithmenos.
             Killed from afar by an electric eel (15 damage)
             ... with a bolt of electricity
             ... on level 8 of the Dungeon on Mar 24, 2020.
             The game lasted 00:16:02 (6589 turns).

BlueFish the Covert (Octopode Assassin)             Turns: 6589, Time: 00:16:02

Health: -3/57      AC:  1    Str: 11    XL:     9   Next: 0%
Magic:  9/9        EV: 20    Int: 13    God:    Dithmenos [......]
Gold:   379        SH:  0    Dex: 16    Spells: 8/8 levels left

rFire    . . .     SeeInvis .   r - +2 dagger (flame)
rCold    . . .     Gourm    .   (no shield)
rNeg     . . .     Faith    .   (helmet restricted)
rPois    .         Spirit   .   (no amulet)
rElec    .         Reflect  .   l - +4 ring of evasion
rCorr    .         Harm     .   y - ring of flight
MR       .....                  C - ring of stealth
Stlth    +++++++...             (no ring)
HPRegen  0.19/turn              (no ring)
MPRegen  0.11/turn              (no ring)
                                (no ring)
                                (no ring)

@: no status effects
A: almost no armour, stealthy swim, amphibious, 8 rings, constrict 8, camouflage
1, gelatinous body 1
a: Renounce Religion, Evoke Flight


You were on level 8 of the Dungeon.
You worshipped Dithmenos.
Dithmenos was noncommittal.
You were not hungry.

You visited 2 branches of the dungeon, and saw 9 of its levels.

You collected 407 gold pieces.
You spent 28 gold pieces at shops.

Inventory:

Hand Weapons
 a - a +2 dagger
 q - a +2 short sword of flaming
 r - a +2 dagger of flaming (weapon)
Missiles
 b - 14 poisoned darts (quivered)
 c - 2 curare-tipped darts
Jewellery
 l - a +4 ring of evasion (left tentacle)
 y - a ring of flight (right tentacle)
 C - a ring of stealth (on tentacle)
Wands
 v - a wand of digging (3)
Scrolls
 e - 2 scrolls of fear
 f - a scroll of teleportation
 j - a scroll of immolation
 k - 5 scrolls of amnesia
 m - a scroll of noise
 o - 3 scrolls of enchant armour
 u - a scroll of magic mapping
 w - a scroll of fog
 x - a scroll of brand weapon {unknown}
 B - a scroll of blinking
 E - a scroll of enchant weapon
Potions
 g - a potion of lignification
 h - 2 potions of haste
 i - 3 potions of curing
 n - 3 potions of heal wounds
 p - 5 potions of stabbing
 s - a potion of brilliance
 t - a potion of flight
 z - a potion of might
 A - a potion of mutation
 D - a potion of cancellation {unknown}
Comestibles
 d - 13 rations
 F - 3 chunks of flesh


   Skills:
 + Level 3.3 Fighting
 * Level 5.2 Short Blades
 * Level 4.5 Throwing
 * Level 4.7 Dodging
 * Level 11.0 Stealth
 * Level 1.2 Invocations


You had 8 spell levels left.
You didn't know any spells.
Your spell library was empty.

Dungeon Overview and Level Annotations

Branches:
Dungeon (8/15)             Temple (1/1) D:6            Lair (0/6) D:8

Altars:
Ashenzari
Cheibriados
Dithmenos
Elyvilon
Fedhas
Gozag
Hepliaklqana
Kikubaaqudgha
Makhleb
Nemelex Xobeh
Okawaru
Qazlal
Ru
Sif Muna
Uskayaw
Vehumet
Wu Jian
Xom
Yredelemnul
Zin
The Shining One

Shops:
D:4 ?   D:7 :

Annotations:
D:3 1 runed translucent door, CanOfBees's ghost, amateur DsFE


Innate Abilities, Weirdness & Mutations

You cannot wear most types of armour.
You are very stealthy in the water. (Stealth+)
You are amphibious.
You can wear up to eight rings at the same time.
You can use your tentacles to constrict eight enemies at once.
Your skin changes colour to match your surroundings (Stealth+).
Your rubbery body absorbs attacks. (AC +1, EV +1)


Message History

The worker ant twitches its antennae in your direction.
The jelly quivers.
You hear a shout!
You hear a bark!
A hound and a centaur come into view.
You hear a bark!
A hound comes into view. x2
The centaur wields a +0 shortbow.
The centaur shoots an arrow.
The arrow hits you.
A wolf comes into view.
The electric eel shoots out a bolt of lightning at you!
The bolt of electricity hits you! x2
The electric eel shoots out a bolt of lightning at you!
The bolt of electricity hits you!
* * * LOW HITPOINT WARNING * * *
Found a staircase to the Lair.
The electric eel shoots out a bolt of lightning at you!
The bolt of electricity misses you.
The electric eel shoots out a bolt of lightning at you!
The bolt of electricity hits you!
You die...

#. ....≈..≈≈≈.
#.##.#..≈≈≈≈≈. #
#.##.#..≈≈≈≈c. #.
.....#?≈≈≈≈hh.
..##.#.J#≈≈≈≈≈≈.h
....#..≈≈≈≈a...
#.###.≈≈;≈≈..>
#..#.@≈≈≈≈≈;hh
#.#.##≈≈≈≈≈.≈.≈.≈≈≈≈
##.####≈≈≈≈≈≈≈≈≈≈≈≈..
#...# #≈.≈≈≈≈≈≈≈≈≈≈..
##.## #.≈.≈≈≈≈≈.≈≈≈≈.
##.####...≈.≈.≈≈...s≈
######........≈.≈...≈.≈...
#.......###..≈.....†......
....##.#..................


You could see a wolf, a centaur, 2 hounds, a jelly, a worker ant and 2 electric
eels.

Vanquished Creatures
  A hornet (D:8)
  Prince Ribbit (D:6)
  An ice beast (D:6)
  2 centaurs
  A water moccasin skeleton (D:5)
  3 crimson imps
  A quasit (D:8)
  2 orc priests (D:6)
  A jelly (D:7)
  A bullfrog skeleton (D:5)
  8 orc wizards
  Terence (D:2)
  A centaur skeleton (D:7)
  An iguana (D:7)
  6 worker ants
  A hound skeleton (D:4)
  A worker ant zombie (D:5)
  Robin (D:4)
  8 adders
  2 oozes (D:3)
  2 adder skeletons (D:7)
  2 dart slugs
  5 worms
  5 leopard geckos
  18 orcs
  2 ball pythons
  5 giant cockroaches
  14 goblins
  12 hobgoblins
  7 jackals
  4 quokkas
  6 bats
  6 frilled lizards
  10 kobolds
  3 rats (D:2)
145 creatures vanquished.

Vanquished Creatures (others)
  A withered plant (D:3)
1 creature vanquished.

Grand Total: 146 creatures vanquished

Notes
Turn   | Place    | Note
-------+----------+-------------------------------------------
     0 | D:1      | BlueFish the Octopode Assassin began the quest for the Orb.
     0 | D:1      | Reached XP level 1. HP: 14/14 MP: 1/1
   268 | D:1      | Reached XP level 2. HP: 18/19 MP: 2/2
   439 | D:1      | Reached skill level 6 in Stealth
   580 | D:1      | Reached XP level 3. HP: 22/24 MP: 3/3
  1086 | D:2      | Found an iron altar of Okawaru.
  1174 | D:2      | Found a sacrificial altar of Ru.
  1185 | D:2      | Reached XP level 4. HP: 24/29 MP: 4/4
  1227 | D:2      | Noticed Terence
  1231 | D:2      | Killed Terence
  1231 | D:2      | Reached skill level 7 in Stealth
  1351 | D:2      | Reached XP level 5. HP: 34/34 MP: 5/5
  1786 | D:3      | Found a shattered altar of Ashenzari.
  2108 | D:3      | Found a runed translucent door.
  2108 | D:3      | Noticed CanOfBees's ghost (amateur DsFE)
  2538 | D:4      | Reached skill level 8 in Stealth
  2587 | D:4      | Reached XP level 6. HP: 24/39 MP: 6/6
  2675 | D:4      | Noticed Robin
  2716 | D:5      | Entered Level 5 of the Dungeon
  3175 | D:4      | Killed Robin
  3268 | D:4      | Found Xiukleuh's Magic Scroll Boutique.
  3276 | D:4      | Bought a scroll of fog for 28 gold pieces
  3735 | D:5      | Reached XP level 7. HP: 42/45 MP: 7/7
  3743 | D:5      | Reached skill level 9 in Stealth
  4006 | D:5      | Found an ancient bone altar of Kikubaaqudgha.
  4666 | D:6      | Found a blossoming altar of Fedhas.
  4867 | D:6      | Noticed Prince Ribbit
  4879 | D:6      | Killed Prince Ribbit
  4879 | D:6      | Reached XP level 8. HP: 10/51 MP: 8/8
  5287 | D:6      | Found a staircase to the Ecumenical Temple.
  5293 | Temple   | Entered the Ecumenical Temple
  5401 | D:6      | Reached skill level 10 in Stealth
  5734 | D:7      | Found Jiset's Book Emporium.
  5824 | D:7      | Reached skill level 5 in Short Blades
  6070 | D:7      | Found a sparkling altar of Nemelex Xobeh.
  6154 | D:7      | Found a shadowy altar of Dithmenos.
  6169 | D:7      | Found a basalt altar of Yredelemnul.
  6182 | D:7      | Became a worshipper of Dithmenos the Shadowed
  6277 | D:7      | Found a shimmering blue altar of Sif Muna.
  6492 | D:8      | Noticed a hornet
  6494 | D:8      | Killed a hornet
  6494 | D:8      | Reached skill level 11 in Stealth
  6494 | D:8      | Reached skill level 1 in Invocations
  6574 | D:8      | Reached XP level 9. HP: 57/57 MP: 9/9
  6588 | D:8      | Found a staircase to the Lair.
  6589 | D:8      | Killed from afar by an electric eel

Levels and vault maps discovered:
D:1:      dpeg_arrival_orchard, layout_loops_ring,
          corexii_item_surrounded_by_moat
D:2:      layout_loops_cross, okawaru_gym_becter,
          nicolae_ru_great_annihilating_truth, first_ration, uniq_terence
D:3:      layout_basic, gammafunk_ghost_grave, ashenzari_altar_1
D:4:      layout_loops_cross, serial_shops,
          nicolae_shop_competitors_out_of_business,
          minmay_fractal_squares_gapless_5, uniq_robin
D:5:      layout_loops_ring, kiku_gazebo_pond_becter
D:6:      layout_basic, lemuel_crystal_altar, minmay_temple_entry_waves,
          uniq_prince_ribbit1
D:7:      layout_basic, kennysheep_little_box, minitemple, serial_shops, shop,
          basic_altar
D:8:      cheibrodos_elevator_heist, layout_loops_cross, erik_lair_island,
          serial_rivers, chequers_serial_rivers_small_b,
          chequers_serial_rivers_small_b, chequers_serial_rivers_micro_e,
          chequers_serial_rivers_large_b, chequers_serial_rivers_micro_e,
          david_defended_altar_orc
Temple:   dshaligram_water_room_temple

Skill      XL: |  1  2  3  4  5  6  7  8 |
---------------+-------------------------+-----
Stealth        | 6 7 8 9 11 | 11.0
Dodging        | 2 3 4 |  4.7
Short Blades   | 3 4 5 |  5.2
Throwing       | 3 4 |  4.5
Fighting       | 3 |  3.3
Invocations    | 1 |  1.2

Action                   |  1- 3 |  4- 6 |  7- 9 || total
-------------------------+-------+-------+-------++-------
Melee: Dagger            |    73 |   144 |   124 ||   341
       Constrict         |    16 |    36 |    24 ||    76
       Tentacles         |    11 |    33 |    28 ||    72
Throw: Dart              |       |       |    20 ||    20
  Use: Scroll            |       |    13 |     7 ||    20
       Potion            |       |     1 |     1 ||     2
 Stab: Sleeping          |    11 |    12 |    14 ||    37
       Distracted        |       |     2 |       ||     2
  Eat: Chunk             |     1 |     8 |     9 ||    18
Armor: Skin              |     4 |     5 |     4 ||    13
Dodge: Dodged            |    35 |    87 |    69 ||   191

Table legend:
 A = Non-vault XP
 B = Vault XP
 C = Vault XP percentage of total XP
 D = Non-vault monster count
 E = Vault monster count
 F = Vault count percentage of total count
                 A         B        C        D         E       F
            +---------+---------+-------+---------+---------+-------
      Total |    1941 |     417 |  17.7 |     127 |      18 |  12.4
            +---------+---------+-------+---------+---------+-------
        D:1 |      38 |       0 |   0.0 |      22 |       0 |   0.0
        D:2 |      67 |      82 |  55.0 |      19 |       5 |  20.8
        D:3 |      63 |       0 |   0.0 |      23 |       0 |   0.0
        D:4 |     148 |      67 |  31.2 |      12 |      12 |  50.0
        D:5 |     544 |       0 |   0.0 |      27 |       0 |   0.0
        D:6 |     341 |     268 |  44.0 |       9 |       1 |  10.0
        D:7 |     261 |       0 |   0.0 |      11 |       0 |   0.0
        D:8 |     479 |       0 |   0.0 |       4 |       0 |   0.0
            +---------+---------+-------+---------+---------+-------
